 Dungeon Crawl Stone Soup version 0.22.1-1-ga44c0e5 (webtiles) character file.

793 rme2001 the Shield-Bearer (level 7, -3/45 HPs)
             Began as a Gargoyle Fighter on Sept 28, 2018.
             Was an Initiate of Wu Jian.
             Slain by an ogre
             ... wielding a +0 giant club
              (6 damage)
             ... on level 4 of the Dungeon.
             The game lasted 00:23:59 (3820 turns).

rme2001 the Shield-Bearer (Gargoyle Fighter)        Turns: 3820, Time: 00:24:00

Health: -3/45      AC: 13    Str: 21    XL:     7   Next: 88%
Magic:  7/7        EV:  7    Int:  8    God:    Wu Jian [......]
Gold:   246        SH: 10    Dex: 10    Spells: 6/6 levels left

rFire    . . .     SeeInvis .   a - +0 flail
rCold    . . .     Gourm    .   c - +0 shield
rNeg     + . .     Faith    .   b - +1 scale mail
rPois    ∞         Spirit   .   (no helmet)
rElec    +         Reflect  .   (no cloak)
rCorr    .         Harm     .   (no gloves)
MR       .....                  (no boots)
Stlth    ..........             (no amulet)
HPRegen  0.15/turn              (no ring)
MPRegen  0.10/turn              (no ring)

@: no status effects
A: negative energy resistance 1, electricity resistance, unbreathing,
petrification resistance, rot immunity, AC +4
a: Renounce Religion


You were on level 4 of the Dungeon.
You worshipped Wu Jian.
Wu Jian was noncommittal.
You were not hungry.

You visited 2 branches of the dungeon, and saw 5 of its levels.

You collected 246 gold pieces.

Inventory:

Hand Weapons
 a - a +0 flail (weapon)
 h - a +0 mace
 n - a +1 whip of venom
Armour
 b - a +1 scale mail (worn)
 c - a +0 shield (worn)
 e - a +0 robe of fire resistance
 i - a +0 cloak
Scrolls
 j - 2 scrolls of remove curse
Potions
 d - a potion of ambrosia
 g - a potion of resistance
 l - a potion of curing {unknown}
 m - 2 potions of haste
Comestibles
 f - 8 rations


   Skills:
 + Level 5.6 Fighting
 + Level 4.6 Maces & Flails
 + Level 5.6 Armour
 + Level 5.7 Shields


You had 6 spell levels left.
You didn't know any spells.
Your spell library was empty.

Dungeon Overview and Level Annotations

Branches:
Dungeon (4/15)             Temple (1/1) D:4

Altars:
Ashenzari
Cheibriados
Elyvilon
Fedhas
Gozag
Hepliaklqana
Kikubaaqudgha
Nemelex Xobeh
Qazlal
Ru
Sif Muna
Trog
Vehumet
Wu Jian
Xom
Yredelemnul
Zin
The Shining One


Innate Abilities, Weirdness & Mutations

You are resistant to torment.
Your stone body is resilient. (AC +4)
You are immune to poison.
You resist negative energy. (rN+)
You are resistant to electric shocks. (rElec)
You can survive without breathing.
You are immune to petrification.
You are immune to rotting.


Message History

Found a stone staircase leading down.
There is a stone staircase leading down here.
As you open the door, it creaks loudly!
An ogre comes into view. It is wielding a giant club.
The ogre shouts!
There is an open door here.
An ogre is nearby!
All of the chunks of flesh in your inventory have rotted away.
You lunge at the ogre.
You barely miss the ogre. The ogre hits you with a giant club!!
You barely miss the ogre. The ogre hits you with a giant club!!
* * * LOW HITPOINT WARNING * * *
The ogre hits you with a giant club.
* * * LOW HITPOINT WARNING * * *
You block the ogre's attack.
There is an open door here.
An ogre is nearby!
An ogre is nearby!
The ogre hits you with a giant club.
You die...

#.#.######.#...............[###
#.#......#.#................#
#.#......#.#.#.#............#
#.#......#.#.#.....#####'####
#.##.....#.#.#.#.#.# #..#
#.##.....#.#.#.#.#.# ##.##
#.##.....#.#.#.#.#.# #..#
#.##.....'.#.#.#.#+#######.####
#.##.....#...O@................
###.##.....###.####.......†#...#+
....##.....# #....'........#.....
######.....# ######........#..?..
#.....# #........#..... #######
#........#..... ##############
####........#..... .............#
#...........#..... ############.#
#.....#######.....


You could see an ogre.

Vanquished Creatures
  Grinder (D:4)
  Sigmund (D:2)
  A centaur (D:3)
  A scorpion (D:4)
  2 howler monkeys (D:4)
  Crazy Yiuf (D:2)
  An orc wizard (D:3)
  Jessica (D:2)
  An iguana (D:4)
  A hound skeleton (D:4)
  A mummy (D:4)
  A howler monkey skeleton (D:4)
  4 adders
  An ooze (D:2)
  A leopard gecko (D:4)
  4 orcs (D:3)
  6 bats
  3 giant cockroaches
  4 hobgoblins
  2 jackals (D:4)
  A ball python (D:3)
  7 frilled lizards
  5 goblins
  4 kobolds
  6 rats
61 creatures vanquished.

Notes
Turn   | Place    | Note
-------+----------+-------------------------------------------
     0 | D:1      | rme2001 the Gargoyle Fighter began the quest for the Orb.
     0 | D:1      | Reached XP level 1. HP: 14/14 MP: 1/1
   199 | D:1      | Reached XP level 2. HP: 19/19 MP: 2/2
   670 | D:2      | Found a runed door.
   674 | D:2      | Noticed Crazy Yiuf
   678 | D:2      | Killed Crazy Yiuf
   678 | D:2      | Reached XP level 3. HP: 16/24 MP: 3/3
   792 | D:2      | Noticed Sigmund
   817 | D:2      | Killed Sigmund
   817 | D:2      | Reached XP level 4. HP: 14/30 MP: 4/4
   817 | D:2      | Reached XP level 5. HP: 15/34 MP: 5/5
  1038 | D:2      | Found an opulent altar of Gozag.
  1038 | D:2      | Found a radiant altar of Vehumet.
  1038 | D:2      | Noticed Jessica
  1054 | D:2      | Killed Jessica
  1054 | D:2      | Reached XP level 6. HP: 36/39 MP: 6/6
  1061 | D:2      | Found a faded altar of an unknown god.
  1066 | D:2      | Found an ancient bone altar of Kikubaaqudgha.
  1068 | D:2      | Found a faded altar of an unknown god.
  1487 | D:3      | Found an opulent altar of Gozag.
  2280 | D:3      | Found a faded altar of an unknown god.
  2574 | D:4      | Reached skill level 5 in Shields
  2639 | D:4      | Reached skill level 5 in Armour
  2683 | D:4      | Noticed Grinder
  2687 | D:4      | Reached skill level 5 in Fighting
  2687 | D:4      | Reached XP level 7. HP: 36/44 MP: 7/7
  2706 | D:4      | Killed Grinder
  2749 | D:4      | Found a staircase to the Ecumenical Temple.
  2759 | Temple   | Entered the Ecumenical Temple
  3133 | Temple   | Became a worshipper of the Wu Jian Council
  3202 | D:4      | Found a snail-covered altar of Cheibriados.
  3812 | D:4      | HP: 2/45 [ogre/giant club (6)]
  3820 | D:4      | Slain by an ogre

Skill      XL: |  1  2  3  4  5  6  7 |
---------------+----------------------+-----
Fighting       | 4 5 |  5.6
Maces & Flails | 3 4 |  4.6
Armour         | 4 5 |  5.6
Shields        | 4 5 |  5.7

Action                   |  1- 3 |  4- 6 |  7- 9 || total
-------------------------+-------+-------+-------++-------
Melee: Flail             |    91 |   135 |    65 ||   291
Invok: Lunge             |       |       |     2 ||     2
  Use: Scroll            |     3 |     4 |     1 ||     8
       Potion            |     3 |     1 |     2 ||     6
  Eat: Chunk             |       |     4 |     2 ||     6
       Ration            |       |     1 |       ||     1
Armor: Scale mail        |    58 |    71 |    24 ||   153
Dodge: Dodged            |    24 |    49 |    15 ||    88
Block: Shield            |    56 |    66 |    34 ||   156
